[Event "VII Totalizator Sportowy 2022"]
[Site "Bydgoszcz"]
[Date "2022.06.29"]
[Round "5.16"]
[White "Dubnevych, Maksym"]
[Black "Rudzinska, Michalina"]
[Result "1/2-1/2"]
[ECO "B12"]
[WhiteElo "2048"]
[BlackElo "2236"]
[Annotator "NA RC"]
[PlyCount "119"]
[EventDate "2022.06.25"]
[EventType "swiss"]
[EventCountry "POL"]
[SourceTitle "playchess.com"]
[Source "ChessBase"]
[SourceQuality "1"]
[TimeControl "40/5400+30:1800+30"]

1. e4 c6 2. d4 d5 3. e5 Bf5 4. h4 h5 5. Bd3 Bxd3 6. Qxd3 Qa5+ 7. Nd2 e6 8. Ngf3 Nh6 9. O-O Nf5 10. c4 Qa6 11. g3 dxc4 12. Nxc4 Nd7 13. b3 Nb6 14. a4 Rd8 15. Qc3 Nd5 16. Qb2 Bb4 17. Bd2 O-O 18. Bxb4 Nxb4 19. Qc3 Nd5 20. Qb2 Rd7 21. Rfd1 Rfd8 22. Rd2 b6 23. Kh2 Qb7 24. b4 Qa8 25. Rc1 a5 26. bxa5 bxa5 27. Qa3 Qa6 28. Qc5 Ra7 29. Nd6 Nb4 30. Nxf5 exf5 31. Qc4 Qxc4 32. Rxc4 Rad7 33. Kg2 Kf8 34. Kf1 Rd5 35. Ke2 f6 36. exf6 gxf6 37. Rc5 Re8+ 38. Kf1 f4 39. Rc3 fxg3 40. fxg3 Rf5 41. Re2 Rb8 42. Rb2 Ke7 43. Kg2 Nd5 44. Rcb3 Rb4 45. Rxb4 Nxb4 46. Re2+ Kd6 47. Ne1 Nd5 48. Nd3 Nc3 49. Re8 Nxa4 50. Ra8 Nb6 51. Rd8+ Kc7 52. Rh8 Nd5 53. Nc5 Ne3+ 54. Kh3 Nc2 55. Rh7+ Kc8 56. Rh8+ Kc7 57. Rh7+ Kb8 58. Rh8+ Kc7 59. Rh7+ Kc8 60. Rh8+ 1/2-1/2

[Event "VII Totalizator Sportowy 2022"]
[Site "Bydgoszcz"]
[Date "2022.06.29"]
[Round "5.17"]
[White "Kujawski, Adam"]
[Black "Skurniak, Szymon"]
[Result "0-1"]
[ECO "B69"]
[WhiteElo "2246"]
[BlackElo "1960"]
[Annotator "NA RC"]
[PlyCount "80"]
[EventDate "2022.06.25"]
[EventType "swiss"]
[EventCountry "POL"]
[SourceTitle "playchess.com"]
[Source "ChessBase"]
[SourceQuality "1"]
[TimeControl "40/5400+30:1800+30"]

1. e4 c5 2. Nf3 d6 3. d4 cxd4 4. Nxd4 Nf6 5. Nc3 Nc6 6. Bg5 e6 7. Qd2 a6 8. O-O-O Bd7 9. f4 Be7 10. Nf3 b5 11. Bxf6 gxf6 12. f5 Qb6 13. g3 O-O-O 14. fxe6 fxe6 15. Bh3 Kb8 16. Kb1 Na5 17. b3 b4 18. Ne2 e5 19. Bxd7 Rxd7 20. c4 Nb7 21. Nc1 Nc5 22. Qd5 a5 23. Nd3 Nxd3 24. Rxd3 Ra7 25. Qe6 Qc6 26. Rd5 a4 27. Rb5+ Ka8 28. Qd5 Qxd5 29. cxd5 axb3 30. axb3 f5 31. Nd2 Bg5 32. Nc4 fxe4 33. Nxd6 Be3 34. Rxb4 Bc5 35. Rxe4 Bxd6 36. Rc1 Ra5 37. Ra4 Rxa4 38. bxa4 Rb8+ 39. Ka2 e4 40. Rc6 e3 0-1

[Event "VII Totalizator Sportowy 2022"]
[Site "Bydgoszcz"]
[Date "2022.06.29"]
[Round "5.18"]
[White "Kacprzak, Karol"]
[Black "Ratajczak, Hubert"]
[Result "1/2-1/2"]
[ECO "B77"]
[WhiteElo "2200"]
[BlackElo "1899"]
[Annotator "NA RC"]
[PlyCount "28"]
[EventDate "2022.06.25"]
[EventType "swiss"]
[EventCountry "POL"]
[SourceTitle "playchess.com"]
[Source "ChessBase"]
[SourceQuality "1"]
[TimeControl "40/5400+30:1800+30"]

1. e4 c5 2. Nf3 d6 3. d4 cxd4 4. Nxd4 Nf6 5. Nc3 g6 6. Be3 Bg7 7. f3 O-O 8. Bc4 Nc6 9. Qd2 Qa5 10. O-O-O Nxd4 11. Bxd4 Be6 12. Bxe6 fxe6 13. Qe2 Rac8 14. Kb1 Nd7 1/2-1/2

[Event "VII Totalizator Sportowy 2022"]
[Site "Bydgoszcz"]
[Date "2022.06.29"]
[Round "5.19"]
[White "Starosciak, Szymon"]
[Black "Rog, Bartlomiej"]
[Result "1/2-1/2"]
[ECO "C88"]
[WhiteElo "1901"]
[BlackElo "2055"]
[Annotator "NA RC"]
[PlyCount "40"]
[EventDate "2022.06.25"]
[EventType "swiss"]
[EventCountry "POL"]
[SourceTitle "playchess.com"]
[Source "ChessBase"]
[SourceQuality "1"]
[TimeControl "40/5400+30:1800+30"]

1. e4 e5 2. Nf3 Nc6 3. Bb5 a6 4. Ba4 Nf6 5. O-O Be7 6. Re1 b5 7. Bb3 O-O 8. h3 Bb7 9. d3 d6 10. c3 Na5 11. Bc2 c5 12. d4 exd4 13. cxd4 d5 14. e5 Ne4 15. Nbd2 f5 16. exf6 Bxf6 17. Nxe4 dxe4 18. Bxe4 cxd4 19. Bd2 Bxe4 20. Bxa5 Bxf3 1/2-1/2

[Event "VII Totalizator Sportowy 2022"]
[Site "Bydgoszcz"]
[Date "2022.06.29"]
[Round "5.20"]
[White "Zalega, Maciej"]
[Black "Kulon, Klaudia"]
[Result "0-1"]
[ECO "C58"]
[WhiteElo "2051"]
[BlackElo "2305"]
[Annotator "RC"]
[PlyCount "86"]
[EventDate "2022.06.25"]
[EventType "swiss"]
[EventCountry "POL"]
[SourceTitle "playchess.com"]
[Source "ChessBase"]
[SourceQuality "1"]
[TimeControl "40/5400+30:1800+30"]

1. e4 e5 2. Nf3 Nc6 3. Bc4 Nf6 4. Ng5 d5 5. exd5 Na5 6. Bb5+ c6 7. dxc6 bxc6 8. Bd3 Nd5 9. Nf3 Bd6 10. O-O Nf4 11. Re1 Nxd3 12. cxd3 O-O 13. Nc3 Re8 14. b3 Ba6 15. Qc2 Bc7 16. Re3 Bb6 17. Ne1 Bxe3 18. dxe3 Nb7 19. Ba3 Qa5 20. Bb2 Rad8 21. a3 c5 22. Ne4 f5 23. Nd2 Nd6 24. b4 cxb4 25. axb4 Qb6 26. Qc5 Bb5 27. Rxa7 Qxc5 28. bxc5 Nf7 29. Ra3 Rd5 30. e4 Rxc5 31. exf5 Bd7 32. g4 Rb8 33. Nc4 h5 34. Ra7 Bc6 35. Ba3 Rb1 36. Kf1 Rcb5 37. Rxf7 Kxf7 38. Nd6+ Kf6 39. Nxb5 Bxb5 40. f3 hxg4 41. fxg4 e4 42. Kf2 exd3 43. Nf3 Rf1+ 0-1

[Event "VII Totalizator Sportowy 2022"]
[Site "Bydgoszcz"]
[Date "2022.06.29"]
[Round "5.21"]
[White "Laux, Dominik"]
[Black "Prieb, Robert"]
[Result "1/2-1/2"]
[ECO "B90"]
[WhiteElo "2263"]
[BlackElo "2034"]
[Annotator "NA RC"]
[PlyCount "92"]
[EventDate "2022.06.25"]
[EventType "swiss"]
[EventCountry "POL"]
[SourceTitle "playchess.com"]
[Source "ChessBase"]
[SourceQuality "1"]
[TimeControl "40/5400+30:1800+30"]

1. e4 c5 2. Nf3 d6 3. d4 cxd4 4. Nxd4 Nf6 5. Nc3 a6 6. Be3 e5 7. Nb3 Be6 8. f3 Be7 9. Qd2 O-O 10. O-O-O Nbd7 11. g4 b5 12. g5 b4 13. Ne2 Ne8 14. f4 a5 15. f5 a4 16. fxe6 axb3 17. cxb3 fxe6 18. Bh3 Nc7 19. Kb1 Ra6 20. Bg2 Kh8 21. h4 d5 22. h5 d4 23. g6 dxe3 24. Qxd7 Rd6 25. Rxd6 Bxd6 26. Qxd8 Rxd8 27. Rd1 Nb5 28. Rd3 Nd4 29. Rxe3 Bc5 30. Rd3 Rf8 31. Nxd4 exd4 32. Rf3 Rxf3 33. Bxf3 hxg6 34. hxg6 Kg8 35. e5 Bb6 36. Kc2 Bc7 37. Kd3 Bxe5 38. Bg4 Kf8 39. Bxe6 Ke7 40. Bf5 Kd8 41. Kc4 Bd6 42. Kxd4 Kc7 43. Kc4 Kb6 44. Be4 Be7 45. Bd5 Ka5 46. Be4 Kb6 1/2-1/2

[Event "VII Totalizator Sportowy 2022"]
[Site "Bydgoszcz"]
[Date "2022.06.29"]
[Round "5.22"]
[White "Dzhuguryan, Tygran"]
[Black "Zaninotto, Franco"]
[Result "1-0"]
[ECO "D41"]
[WhiteElo "2203"]
[BlackElo "2069"]
[Annotator "NA RC"]
[PlyCount "137"]
[EventDate "2022.06.25"]
[EventType "swiss"]
[EventCountry "POL"]
[SourceTitle "playchess.com"]
[Source "ChessBase"]
[SourceQuality "1"]
[TimeControl "40/5400+30:1800+30"]

1. d4 d5 2. Nf3 Nf6 3. c4 e6 4. Nc3 c5 5. cxd5 Nxd5 6. e4 Nxc3 7. bxc3 cxd4 8. cxd4 Bb4+ 9. Bd2 Bxd2+ 10. Qxd2 O-O 11. Bc4 Nd7 12. O-O b6 13. Rad1 Bb7 14. Rfe1 Rc8 15. Bd3 Re8 16. h3 Nf6 17. Qf4 Qc7 18. Qh4 h6 19. Re3 Qe7 20. Qf4 Nh5 21. Qg4 Nf6 22. Qh4 Nd7 23. Qxe7 Rxe7 24. Kf1 Kf8 25. Ke1 Nf6 26. Ng1 Rec7 27. Ne2 Ne8 28. f3 Nd6 29. Bb1 Nc4 30. Rb3 Na5 31. Ra3 Rd8 32. Bd3 Rdc8 33. h4 Ke7 34. Kf2 Kf8 35. Ke3 Ke7 36. g4 g6 37. f4 f6 38. Rg1 Kf7 39. Ra4 Ba8 40. e5 Bd5 41. exf6 Nc4+ 42. Bxc4 Bxc4 43. Nc3 Kxf6 44. g5+ hxg5 45. Ne4+ Ke7 46. Rxg5 Bd5 47. Rxg6 Bxe4 48. Kxe4 Kf7 49. Rh6 a5 50. Ke5 Rc2 51. Rf6+ Kg7 52. Rxe6 Re2+ 53. Kd6 Rd8+ 54. Ke7 Rxe6+ 55. Kxe6 b5 56. Rxa5 Rxd4 57. Ke5 Rd2 58. Kf5 b4 59. Ra7+ Kh6 60. Ra8 Rd3 61. Kf6 Kh7 62. Ra7+ Kh6 63. f5 b3 64. axb3 Rxb3 65. Kf7 Rb8 66. f6 Kh7 67. h5 Kh8 68. Kg6 Rg8+ 69. Rg7 1-0

[Event "VII Totalizator Sportowy 2022"]
[Site "Bydgoszcz"]
[Date "2022.06.29"]
[Round "5.23"]
[White "Stolarczyk, Adam"]
[Black "Malczyk, Radoslaw"]
[Result "1/2-1/2"]
[ECO "D04"]
[WhiteElo "2125"]
[BlackElo "2067"]
[Annotator "NA RC"]
[PlyCount "57"]
[EventDate "2022.06.25"]
[EventType "swiss"]
[EventCountry "POL"]
[SourceTitle "playchess.com"]
[Source "ChessBase"]
[SourceQuality "1"]
[TimeControl "40/5400+30:1800+30"]

1. d4 d5 2. Nf3 Nf6 3. e3 g6 4. Bd3 Bg7 5. O-O O-O 6. Nbd2 Nbd7 7. b3 b6 8. Bb2 Bb7 9. c4 c5 10. Qe2 cxd4 11. exd4 dxc4 12. bxc4 Nh5 13. Be4 Bxe4 14. Qxe4 Nc5 15. Qc2 Ne6 16. Nb3 Rc8 17. d5 Bxb2 18. Qxb2 Nef4 19. Ne5 e6 20. dxe6 Nxe6 21. Ng4 Qg5 22. f3 Rxc4 23. Rae1 Nhg7 24. Nf6+ Kh8 25. Nd7 Rd8 26. Ne5 Rc7 27. Nxf7+ Rxf7 28. Rxe6 Kg8 29. Re5 1/2-1/2

[Event "VII Totalizator Sportowy 2022"]
[Site "Bydgoszcz"]
[Date "2022.06.29"]
[Round "5.24"]
[White "Lambrecht, Tomasz"]
[Black "Kolodziejski, Piotr"]
[Result "1/2-1/2"]
[ECO "D10"]
[WhiteElo "1956"]
[BlackElo "2107"]
[Annotator "NA RC"]
[PlyCount "95"]
[EventDate "2022.06.25"]
[EventType "swiss"]
[EventCountry "POL"]
[SourceTitle "playchess.com"]
[Source "ChessBase"]
[SourceQuality "1"]
[TimeControl "40/5400+30:1800+30"]

1. d4 d5 2. c4 c6 3. Nc3 Nf6 4. cxd5 cxd5 5. Bf4 Nc6 6. e3 a6 7. Bd3 g6 8. h3 Bg7 9. Nf3 b5 10. O-O O-O 11. Rc1 Bb7 12. a4 b4 13. Nb1 Rc8 14. Nbd2 Na5 15. Rxc8 Qxc8 16. Qc1 Qa8 17. Qb1 Nd7 18. Rc1 Rc8 19. Rc7 Rxc7 20. Bxc7 Nc6 21. Qc2 Qc8 22. Bg3 Bf8 23. h4 h5 24. Ng5 Kg7 25. Ndf3 Na5 26. Qb1 Qc6 27. b3 e6 28. Nh3 Bd6 29. Nf4 Nf6 30. Ng5 Ne4 31. Nxe4 dxe4 32. Bc2 Bc7 33. Qd1 Bd8 34. Ne2 Be7 35. Qb1 f5 36. Be5+ Bf6 37. Bxf6+ Kxf6 38. Qb2 Qd6 39. g3 Bd5 40. Bd1 Qc6 41. Kf1 Nb7 42. Qd2 a5 43. Nf4 Nd6 44. Kg2 Nc8 45. Kf1 Ne7 46. Qb2 Qc7 47. Ke1 Kf7 48. Kd2 1/2-1/2

[Event "VII Totalizator Sportowy 2022"]
[Site "Bydgoszcz"]
[Date "2022.06.29"]
[Round "5.25"]
[White "Hulka, Valentyn"]
[Black "Sliwicki, Damian"]
[Result "0-1"]
[ECO "B72"]
[WhiteElo "2123"]
[BlackElo "2168"]
[Annotator "NA RC"]
[PlyCount "118"]
[EventDate "2022.06.25"]
[EventType "swiss"]
[EventCountry "POL"]
[SourceTitle "playchess.com"]
[Source "ChessBase"]
[SourceQuality "1"]
[TimeControl "40/5400+30:1800+30"]

1. e4 c5 2. Nf3 d6 3. d4 Nf6 4. Nc3 cxd4 5. Nxd4 g6 6. Be3 Bg7 7. Be2 Nc6 8. Qd2 O-O 9. O-O-O Ng4 10. Bxg4 Bxg4 11. f3 Be6 12. Nxc6 bxc6 13. Bh6 Qa5 14. Bxg7 Kxg7 15. b3 Rab8 16. Kb2 h5 17. f4 Bd7 18. h3 Rh8 19. Rhf1 f6 20. e5 d5 21. Rde1 Rbe8 22. Rf3 Bf5 23. Rfe3 e6 24. exf6+ Kf7 25. Re5 Qb4 26. a3 Qb7 27. Na4 c5 28. Nxc5 Qc6 29. Nd3 Kxf6 30. Nb4 Qd7 31. Qd4 Kf7 32. Nd3 Qc7 33. R5e3 Rc8 34. Ne5+ Kg8 35. Rc1 Qxc2+ 36. Rxc2 Rxc2+ 37. Ka1 Rc1+ 38. Ka2 Rc2+ 39. Qb2 Rxb2+ 40. Kxb2 Rh7 41. Rc3 Rb7 42. Rc8+ Kg7 43. g4 Be4 44. Rc3 Kf6 45. gxh5 gxh5 46. Rc8 Rg7 47. Rf8+ Ke7 48. Rb8 d4 49. Rc8 Rg2+ 50. Kc1 d3 51. Rc7+ Kd8 52. Rxa7 d2+ 53. Kd1 Bd5 54. Rd7+ Kc8 55. Rxd5 exd5 56. f5 Rf2 57. Nc6 Kc7 58. Nd4 Kd6 59. b4 Rf4 0-1

[Event "VII Totalizator Sportowy 2022"]
[Site "Bydgoszcz"]
[Date "2022.06.30"]
[Round "6.1"]
[White "Krasenkow, Michal"]
[Black "Heberla, Bartlomiej"]
[Result "1/2-1/2"]
[ECO "D37"]
[WhiteElo "2576"]
[BlackElo "2576"]
[Annotator "TA"]
[PlyCount "38"]
[EventDate "2022.06.25"]
[EventType "swiss"]
[EventCountry "POL"]
[SourceTitle "playchess.com"]
[Source "ChessBase"]
[SourceQuality "1"]
[TimeControl "40/5400+30:1800+30"]

1. d4 e6 2. c4 Nf6 3. Nf3 d5 4. Nc3 dxc4 5. e3 a6 6. Bxc4 b5 7. Bd3 Bb7 {[%emt 0:00:50] The position is equal.} 8. Qc2 {[%emt 0:01:36] D26: Queen's Gambit Accepted: 4 e3 e6 5 Bxc5 c5 sidelines.} Nbd7 9. a4 b4 {[%emt 0:01:57] [#] aiming for ...Bxf3.} 10. Ne4 c5 (10... Be7 {looks sharper.} 11. O-O c5 12. Nxc5 Nxc5 13. dxc5 Qd5) 11. Nxf6+ ({Don't play} 11. Nxc5 Bxc5 12. dxc5 Rc8 $15) 11... Nxf6 12. dxc5 {[%emt 0:00:19] [#]} Bxc5 $1 13. Qxc5 Qxd3 14. Qxb4 Rd8 15. Bd2 Ba8 16. Rc1 {[%emt 0:11:48] Hoping for Ne5.} Qg6 17. Nh4 ({Not} 17. Rc7 $2 Nd5 18. O-O Nxb4 $19) 17... Qd3 {[%emt 0:00:03] [#]} 18. Nf3 $146 {[%emt 0:13:51] Ne5 is the strong threat.} ({Predecessor:} 18. Rg1 Ne4 19. Nf3 e5 20. Rc7 Qb1+ 21. Bc1 Nd6 22. Ke2 Qf5 23. Rd1 e4 24. Nh4 Qe6 25. h3 O-O 26. b3 {½-½ (56) Chmela,Z (1962)-Bujdak,P (1681) LSS email 2014}) 18... Qg6 19. Nh4 ({Don't blunder} 19. Rc7 $2 Nd5 20. O-O Nxb4 $19) 19... Qd3 {An interesting draw.  Weighted Error Value: White=0.02 (flawless) /Black=0.01 (flawless)} 1/2-1/2

[Event "VII Totalizator Sportowy 2022"]
[Site "Bydgoszcz"]
[Date "2022.06.30"]
[Round "6.2"]
[White "Tomczak, Jacek"]
[Black "Jakubowski, Krzysztof"]
[Result "1/2-1/2"]
[ECO "C80"]
[WhiteElo "2584"]
[BlackElo "2475"]
[Annotator "TA"]
[PlyCount "102"]
[EventDate "2022.06.25"]
[EventType "swiss"]
[EventCountry "POL"]
[SourceTitle "playchess.com"]
[Source "ChessBase"]
[SourceQuality "1"]
[TimeControl "40/5400+30:1800+30"]

1. e4 e5 2. Nf3 Nc6 3. Bb5 a6 4. Ba4 Nf6 5. O-O Nxe4 6. d4 b5 7. Bb3 d5 8. dxe5 Be6 9. Be3 Bc5 10. Qd3 O-O 11. Nc3 Bxe3 12. Qxe3 Nxc3 {[%emt 0:03:23] C80: Open Ruy Lopez: Sidelines and 9 Nbd2.} 13. Qxc3 Qd7 14. Rad1 {[%emt 0:02:13] [#]} Nd8 $146 ({Predecessor:} 14... Rad8 15. Nd4 Nxd4 16. Rxd4 f6 17. Re1 c6 18. Qc5 Bf5 19. Rdd1 Rde8 20. exf6 Rxf6 {½-½ (31) Pierrot,J (2400)-Liascovich,L (2473) Buenos Aires 2017}) 15. Qe3 c6 16. c3 Bg4 17. Bc2 Ne6 18. Rde1 Bxf3 19. Qxf3 g6 20. Qg4 f5 21. exf6 $1 Rxf6 22. Re3 Raf8 23. f3 Qa7 24. Rfe1 Nf4 {[%emt 0:00:05] [#] Strongly threatening ...Re6.} 25. Kh1 R8f7 26. g3 Nh5 27. Kg2 Ng7 $1 28. Qd4 (28. f4 {keeps more tension.} a5 29. Re5 a4 30. Bd3) 28... Qxd4 29. cxd4 a5 30. h4 Rc7 31. f4 Kf7 32. Kf3 Ne6 33. Rd1 Ke7 34. Re5 Kd6 35. Ke3 h6 36. Re1 c5 37. dxc5+ Rxc5 38. Bd3 b4 39. Kd2 Nd4 {[%emt 0:01:28] [#] And now ...Nf3+ would win. The position is equal.} 40. R1e3 {[%emt 0:00:00] Against Nf3+} b3 41. Bb1 a4 42. a3 Nc6 {[%emt 0:03:16] Hoping for ...d4.} 43. Re8 Na5 {[%emt 0:00:05] ...Nc4+ is the strong threat.} 44. Bd3 Nc4+ 45. Bxc4 Rxc4 $11 {[%emt 0:00:05][%mdl 4096] Endgame KRR-KRR} 46. Rc3 g5 47. Rd8+ Kc5 48. Rc8+ Kb5 $1 {[%emt 0:01:41] White must now prevent ...Rxc8.} 49. Rb8+ Kc5 {[%emt 0:00:08] aiming for ...Rxc3.} 50. Rc8+ Kb5 $1 {[%emt 0:00:04] Threatens to win with ...Rxc8.} 51. Rb8+ Kc5 {[%emt 0:00:04] Weighted Error Value: White=0.07 (flawless) /Black=0.05 (flawless)} 1/2-1/2

[Event "VII Totalizator Sportowy 2022"]
[Site "Bydgoszcz"]
[Date "2022.06.30"]
[Round "6.3"]
[White "Gumularz, Szymon"]
[Black "Kosakowski, Jakub"]
[Result "1/2-1/2"]
[ECO "D85"]
[WhiteElo "2513"]
[BlackElo "2435"]
[Annotator "TA"]
[PlyCount "39"]
[EventDate "2022.06.25"]
[EventType "swiss"]
[EventCountry "POL"]
[SourceTitle "playchess.com"]
[Source "ChessBase"]
[SourceQuality "1"]
[TimeControl "40/5400+30:1800+30"]

1. d4 Nf6 2. c4 g6 3. Nc3 d5 4. cxd5 Nxd5 5. e4 Nxc3 6. bxc3 Bg7 7. Nf3 c5 8. Bb5+ Nc6 9. O-O O-O 10. Bxc6 bxc6 11. Qc2 {[%emt 0:00:31] D85: Exchange Grünfeld: Unusual White 7th moves and lines with 7 Nf3.} Qa5 {[#] Against Ba3} 12. Bd2 $146 ({Predecessor:} 12. a4 Rd8 13. Ba3 cxd4 14. cxd4 Bg4 15. Bxe7 Re8 16. Bc5 Qd8 17. Ne5 Bxe5 18. dxe5 Rxe5 {1-0 (30) Andreikin,D (2729)-Paravyan,D (2617) Chess.com INT 2022}) 12... Rd8 13. Rac1 Qa3 14. Bg5 cxd4 15. cxd4 h6 16. Be3 ({Not} 16. Qxc6 $2 Bd7 17. Qc5 Qxc5 18. dxc5 hxg5 $19) 16... Ba6 17. Rfd1 {[%emt 0:03:59] Inhibits Bd3.} Rac8 18. Qd2 Kh7 19. Rc3 Qa5 20. Rb3 {[%emt 0:01:05] Weighted Error Value: White=0.07 (flawless) /Black=0.04 (flawless)} 1/2-1/2

[Event "VII Totalizator Sportowy 2022"]
[Site "Bydgoszcz"]
[Date "2022.06.30"]
[Round "6.4"]
[White "Czarnota, Pawel"]
[Black "Sieciechowicz, Marcin"]
[Result "1-0"]
[ECO "C02"]
[WhiteElo "2502"]
[BlackElo "2388"]
[Annotator "TA"]
[PlyCount "117"]
[EventDate "2022.06.25"]
[EventType "swiss"]
[EventCountry "POL"]
[SourceTitle "playchess.com"]
[Source "ChessBase"]
[SourceQuality "1"]
[TimeControl "40/5400+30:1800+30"]

1. e4 e6 2. d4 d5 3. e5 c5 4. c3 Qb6 5. Nf3 Nc6 6. Bd3 cxd4 7. O-O $1 {[%emt 0:00:55][%mdl 4] is now more promising than 7.cxd4. C02: French: Advance Variation.} Bd7 8. Nbd2 Nge7 9. Nb3 {[%emt 0:01:42][%cal Rb3d4] Black is slightly better.} dxc3 10. bxc3 Ng6 11. Re1 Be7 12. Qe2 O-O 13. Rb1 Qc7 14. Nbd4 {[%emt 0:04:04][%cal Oh2h4] [#]} Nxd4 $146 ({Predecessor:} 14... a6 15. g3 Nxd4 16. cxd4 Bb5 17. Bxb5 axb5 18. Rxb5 Ra4 19. Be3 Rfa8 20. Reb1 Rxa2 21. Rxb7 Qxb7 22. Qxa2 {½-½ (50) Blomqvist,E (2535)-Iskusnyh,S (2473) Chess.com INT 2021}) 15. cxd4 f5 16. exf6 Bxf6 17. Bxg6 hxg6 18. Bd2 Qc4 19. Rxb7 Qxe2 20. Rxe2 Bc6 21. Rb2 Rab8 22. Bf4 Rxb2 23. Rxb2 Ba4 24. Rb7 Bd1 {[%emt 0:04:25] A strong pair of Bishops.} 25. Ne5 Bxe5 (25... g5 $11 26. Be3 Bxe5 27. dxe5 Rf5) 26. Bxe5 $11 {[%emt 0:00:07][%mdl 4096] Endgame KRB-KRB} Rf7 27. Rb8+ Rf8 28. Rb5 Rf7 29. f3 Be2 (29... g5 $142) 30. Rb8+ $16 Rf8 31. Rb2 $1 Bd3 {[%emt 0:02:08] [#]} 32. h4 $1 Ba6 33. a3 (33. Kf2 $16) 33... Rd8 ({Black should try} 33... Rf7 $1 $14) 34. Rb8 {[%emt 0:05:47] White is more active.} Rc8 35. Rb4 Rc1+ (35... Rc4 $142) 36. Kh2 Rc2 37. Rb8+ Rc8 38. Kg3 Kf8 39. Rb4 Rc2 (39... Rc4 $16 {was necessary.}) 40. Ra4 $18 Bf1 41. Rxa7 Rxg2+ 42. Kf4 Rh2 (42... Ke8 $142 43. Rxg7 Kf8) 43. Bxg7+ ({Weaker is} 43. Rxg7 Rxh4+ 44. Ke3 g5 $16) 43... Ke8 44. Bf6 Be2 $2 (44... Rc2 45. Ke5 Bd3) 45. a4 Rh3 46. Ke5 Rxf3 47. Kxe6 Re3+ 48. Kxd5 {[%emt 0:00:58] Black must now prevent Kd6.} Bf3+ 49. Kd6 {[%emt 0:00:42] Re7+ is the strong threat.} Rc3 (49... Rb3 {was worth a try.} 50. Re7+ Kf8) 50. a5 Rc6+ 51. Ke5 Bg2 52. Bg5 {[%emt 0:00:58] Threatens to win with a6.} Rc3 53. Kf6 {[%emt 0:06:42] And now Kg7 would win.} Rc6+ {[%emt 0:03:16] [#]} 54. Kg7 $1 Re6 55. a6 Bc6 56. Rc7 {[%emt 0:01:04] White wants to mate with a7.} Bd7 57. a7 {[%emt 0:00:30] White mates.} Ra6 58. d5 Be6 59. Re7+ {[%emt 0:00:22] Weighted Error Value: White=0.14 (very precise) /Black=0.46} 1-0

[Event "VII Totalizator Sportowy 2022"]
[Site "Bydgoszcz"]
[Date "2022.06.30"]
[Round "6.5"]
[White "Maksimenko, Andrei"]
[Black "Jarmula, Lukasz"]
[Result "1/2-1/2"]
[ECO "D26"]
[WhiteElo "2434"]
[BlackElo "2459"]
[Annotator "TA"]
[PlyCount "31"]
[EventDate "2022.06.25"]
[EventType "swiss"]
[EventCountry "POL"]
[SourceTitle "playchess.com"]
[Source "ChessBase"]
[SourceQuality "1"]
[TimeControl "40/5400+30:1800+30"]

1. d4 d5 2. c4 dxc4 3. Nf3 Nf6 4. e3 e6 5. Bxc4 c5 6. O-O Nc6 7. Qe2 a6 8. Nc3 b5 9. Bb3 Bb7 10. Rd1 Be7 {[%emt 0:00:26] D28: Queen's Gambit Accepted: Classical main line: 7 Qe2 with early ...Nc6.} 11. d5 exd5 12. Bxd5 Nxd5 13. Nxd5 {[%emt 0:00:34] [#]} Bd6 $146 ({Predecessor:} 13... O-O 14. a4 Na5 15. Nxe7+ Qxe7 16. axb5 axb5 17. Qxb5 Ba6 18. Qa4 Be2 19. Re1 Bxf3 20. gxf3 {½-½ (40) Matlakov,M (2699)-Popov,I (2608) Yaroslavl 2018}) 14. a4 O-O $1 15. axb5 axb5 16. Rxa8 {[%emt 0:00:03] Weighted Error Value: White=0.04 (flawless) /Black=0.03 (flawless)} 1/2-1/2

[Event "VII Totalizator Sportowy 2022"]
[Site "Bydgoszcz"]
[Date "2022.06.30"]
[Round "6.6"]
[White "Licznerski, Lukasz"]
[Black "Kucza, Karol"]
[Result "0-1"]
[ECO "C82"]
[WhiteElo "2439"]
[BlackElo "2305"]
[Annotator "TA"]
[PlyCount "81"]
[EventDate "2022.06.25"]
[EventType "swiss"]
[EventCountry "POL"]
[SourceTitle "playchess.com"]
[Source "ChessBase"]
[SourceQuality "1"]
[TimeControl "40/5400+30:1800+30"]

1. e4 e5 2. Nf3 Nc6 3. Bb5 a6 4. Ba4 Nf6 5. O-O Nxe4 6. d4 b5 7. Bb3 d5 8. dxe5 Be6 9. c3 Bc5 10. Nbd2 O-O 11. Bc2 Nxf2 12. Rxf2 f6 13. Nf1 {[%emt 0:12:06] Be3 is the strong threat. is currently scoring better than 13.exf6. C82: Open Ruy Lopez: 9 c3 without 9...Be7.} Bxf2+ 14. Kxf2 fxe5 15. Kg1 {[%emt 0:01:31][%cal Oc2h7] Strongly threatening Bxh7+! The position is equal.} Qd7 16. Ng5 Bf5 {[%emt 0:08:14] [#]} 17. Bxf5 $146 (17. Ne3 Bxc2 18. Nxc2 (18. Qxc2 e4 $17) 18... h6 $17) ({Predecessor:} 17. Bb3 Ne7 18. Ne3 c6 19. Nxf5 Nxf5 20. a4 h6 21. Nf3 Rae8 22. axb5 axb5 23. Qe2 {0-1 (57) Agostini,V-Senishchev,A (2317) ICCF email 2000}) 17... Rxf5 (17... Qxf5 18. Qxd5+ Kh8 19. Be3 $16) 18. Ng3 Rff8 19. Be3 h6 20. Nf3 Rad8 21. Bc5 Rf7 22. Qe2 e4 23. Ne1 Ne5 24. Rd1 Ng6 25. Nh5 (25. Nxe4 $2 Re8 26. Qd2 (26. Qh5 $2 Nf4 $19) 26... Rxe4 $19) 25... Re8 26. b4 Re5 {[%emt 0:01:18][%cal Oe5h5] And now ...Rxh5! would win.} 27. Nc2 Rxh5 28. Qxh5 $16 Nf4 29. Qh4 (29. Qe5 Qg4 30. Qe8+ Kh7) 29... g5 $2 (29... Ne2+ $16 30. Kh1 Nxc3) 30. Qe1 $2 (30. Qxh6 $18 Ne2+ 31. Kh1 Ng3+ 32. hxg3) 30... Nxg2 $1 $11 31. Qg3 Nf4 $36 {[%emt 0:03:50][%mdl 2048] White must now prevent ...Ne2+. Black has some pressure.} 32. Re1 {[%emt 0:01:51] Prevents Ne2+.} (32. Kh1 $11) 32... Nh5 {[%emt 0:03:07][%mdl 1024] Black has strong compensation.} (32... Nd3 33. Rf1 $11) 33. Qg2 Nf4 34. Qg3 {[%emt 0:00:02] [#]} Nh3+ $1 ({And not} 34... Nd3 35. Rf1 $11) 35. Kh1 Rf3 36. Qe5 {[%emt 0:01:54] [#]} Nf4 (36... Qf7 $1 $17 {( -> ...Rf1+)} 37. Bg1 (37. Ne3 Rxe3) 37... Nf4) 37. Rd1 {[%emt 0:01:56][%mdl 8192] Against Rf1+} (37. Qf6 $1 $11 {and White stays safe.}) 37... Nd3 $19 38. Rxd3 (38. Qd4) 38... exd3 {[%emt 0:00:05] Black is clearly winning.} 39. Ne3 {[%emt 0:00:50] Prevents Rf1+.} Qf7 40. Kg1 {[%emt 0:00:00] Prevents Rf1+.} d2 41. Bd4 {[%emt 0:05:47] Black used his chance.  Weighted Error Value: White=0.85/Black=0.40} 0-1